 Dungeon Crawl Stone Soup version 0.30-a0-723-gc1506a1cf0 (webtiles) character file.

Game seed: 17357886795348351727

6442 ASSMAN the Grappler (level 10, -5/77 HPs)
             Began as a Demonspawn Cinder Acolyte on Jan 28, 2023.
             Was a Priest of Ignis.
             Slain by a two-headed ogre
             ... wielding a +0 giant club
              (9 damage)
             ... on level 9 of the Dungeon.
             The game lasted 00:10:07 (8578 turns).

ASSMAN the Grappler (Demonspawn Cinder Acolyte)     Turns: 8578, Time: 00:10:07

Health: -5/77      AC: 12    Str: 19    XL:     10   Next: 67%
Magic:  11/11      EV:  9    Int: 18    God:    Ignis [***...]
Gold:   618        SH:  0    Dex:  9    Spells: 11/11 levels left

rFire   + + +      SeeInvis .      - Unarmed
rCold   . . .      Faith    .    (no shield)
rNeg    . . .      Spirit   .    h - +0 fire dragon scales
rPois   .          Reflect  .    (helmet restricted)
rElec   .          Harm     .    u - +0 cloak
rCorr   .          Rampage  .    l - +0 pair of gloves
Will    .....                    (no boots) Stlth
                                 q - amulet of regeneration
HPRegen 1.12/turn                p - ring "Ceumur" {rC+ Int+3}
MPRegen 0.12/turn                v - ring of flight

@: about to teleport, flying
A: horns 2, yellow scales 1, demonic guardian 2, spiny 2
a: Renounce Religion, Fiery Armour, Foxfire Swarm, Rising Flame


You were on level 9 of the Dungeon.
You worshipped Ignis.
Ignis was most pleased with you.
You visited 1 branch of the dungeon, and saw 9 of its levels.

You collected 805 gold pieces.
You spent 187 gold pieces at shops.

Inventory:

Hand Weapons
 z - the +1 halberd of Riati {protect, rCorr Dex+5 Stlth-}
   (You found it on level 5 of the Dungeon)

   Dex:       It affects your dexterity (+5).
   rCorr:     It protects you from acid and corrosion.
   Stlth:     It makes you less stealthy.
Missiles
 m - 5 throwing nets (quivered)
Armour
 h - +0 fire dragon scales (worn)
 l - a +0 pair of gloves (worn)
 u - a +0 cloak (worn)
Magical Staves
 r - a staff of death
Jewellery
 n - a +6 ring of intelligence
 p - the ring "Ceumur" (left hand) {rC+ Int+3}
   (You found it on level 3 of the Dungeon)

   [ring of protection from cold]

   Int:       It affects your intelligence (+3).
   rC:        It protects you from cold.
 q - an amulet of regeneration (around neck)
 v - a ring of flight (right hand)
 F - an amulet of reflection
Wands
 y - a wand of mindburst (20)
 A - a wand of flame (10)
 D - a wand of acid (7)
 G - a wand of polymorph (25)
Scrolls
 a - 5 scrolls of teleportation
 b - 4 scrolls of identify
 d - 3 scrolls of enchant weapon
 e - 3 scrolls of enchant armour
 f - 2 scrolls of silence
 t - a scroll of acquirement {unknown}
 E - a scroll of magic mapping
Potions
 c - 6 potions of haste {unknown}
 g - 2 potions of mutation {unknown}
 i - a potion of lignification {unknown}
 j - 4 potions of curing {unknown}
 k - a potion of degeneration {unknown}
 o - 2 potions of resistance {unknown}
 s - a potion of cancellation {unknown}
 w - 2 potions of flight {unknown}
 x - a potion of might {unknown}
 B - a potion of attraction {unknown}
 C - a potion of heal wounds {unknown}


   Skills:
 + Level 6.8 Fighting
 - Level 14.0 Unarmed Combat
 - Level 1.0 Spellcasting
 - Level 2.6 Fire Magic


You had 11 spell levels left.
You didn't know any spells.
Your spell library contained the following spells:

 Spells                   Type           Power      Damage    Failure   Level
 Scorch                   Fire           20%        2d6       38%         2
 Foxfire                  Conj/Fire      20%        2x1d5     43%         1
 Beastly Appendage        Tmut           0%         N/A       63%         1
 Passwall                 Tmut/Erth      0%         N/A       77%         2
 Wereblood                Tmut           0%         N/A       77%         2
 Hailstorm                Conj/Ice       0%         3d3       94%         3
 Spider Form              Tmut/Pois      0%         N/A       94%         3
 Ice Form                 Ice/Tmut       0%         N/A       100%        4
 Summon Lightning Spire   Summ/Air       0%         N/A       100%        4
 Fireball                 Conj/Fire      2%         3d4       100%        5
 Summon Forest            Summ/Tloc      0%         N/A       100%        5
 Iron Shot                Conj/Erth      0%         9d1       100%        6
 Simulacrum               Ice/Necr       0%         N/A       100%        6
 Starburst                Conj/Fire      2%         6d3       100%        6


Dungeon Overview and Level Annotations

Branches:
Dungeon (9/15)             Temple (0/1) D:6            Lair (0/5) D:8
    Orc: D:9-12

Altars:
Ashenzari
Cheibriados
Nemelex Xobeh
Okawaru
Wu Jian

Shops:
D:4 (

Annotations:
D:5 3 runed translucent doors, Monkooky's ghost, weakling NaDe


Innate Abilities, Weirdness & Mutations

You have a pair of horns on your head.
You are partially covered in yellow scales. (AC +2)
A demonic guardian rushes to your aid.
You are mostly covered in sharp spines.


Message History

No target in view!
Things that are here:
a +0 shortbow; a centaur corpse A two-headed ogre comes into view.
It is wielding a +0 giant club and a +0 giant spiked club.
Found 16 gold pieces.
The two-headed ogre hits you with a +0 giant club!
A demonic guardian appears!
The two-headed ogre hits you with a +0 giant spiked club!!
A two-headed ogre is nearby!
A two-headed ogre is nearby!
You hit the two-headed ogre.
The two-headed ogre is lightly wounded.
A bullfrog comes into view.
The two-headed ogre hits you with a +0 giant club!
The two-headed ogre hits you but does no damage.
You are too injured to fight recklessly!
You are too injured to fight recklessly!
Found 5 stones.
The bullfrog gives a loud, deep croak!
The two-headed ogre hits your hellwing with a +0 giant club!
The two-headed ogre closely misses your hellwing.
You see here a blue potion.
Your hellwing barely misses the two-headed ogre.
Your hellwing hits the two-headed ogre but does no damage.
Your hellwing barely misses the two-headed ogre.
Your hellwing hits the two-headed ogre.
The bullfrog hits your hellwing but does no damage.
Okay, then.
Okay, then.
As you read the scroll of teleportation, it crumbles to dust.
You feel strangely unstable.
The bullfrog closely misses your hellwing.
Your hellwing hits the bullfrog!
Your hellwing barely misses the bullfrog.
The two-headed ogre attacks as you move away!
The two-headed ogre is struck by your spines.
The two-headed ogre hits you with a +0 giant club!!
* * * LOW HITPOINT WARNING * * *
The two-headed ogre hits you with a +0 giant spiked club!
You die...

.#..........####
...............##
.......(........#
................#
................# .
...........#....#..
.....................
......<@............####
.......O.!......##.....#
.............#####......
.........4...## #......
#......##F#..)####......
####.###..###......#....
#. #.... ##..........
.......## #...))†....
...$...#...##)<)....


You could see a two-headed ogre, a bullfrog (distracted, ally target) and a
friendly hellwing (summoned).

Vanquished Creatures
  A boulder beetle (D:6)
  A komodo dragon (D:6)
  Sigmund (D:4)
  11 yaks
  2 water moccasins
  An orc warrior (D:7)
  5 black bears
  A sky beast (D:7)
  2 centaurs
  An ogre (D:6)
  A phantom (D:6)
  3 kobold brigands
  3 bullfrogs
  A necrophage (D:4)
  A scorpion (D:4)
  A gnoll sergeant (D:6)
  7 wights (D:8)
  2 electric eels (D:8)
  3 howler monkeys (D:9)
  4 hounds (D:6)
  2 orc priests
  Crazy Yiuf (D:6)
  4 jellies
  2 gnoll boudas
  6 iguanas
  3 orc wizards
  21 gnolls
  6 adders
  A shadow imp (D:6)
  3 white imps (D:7)
  An ufetubus (D:7)
  3 worms
  3 dart slugs
  21 orcs
  6 ball pythons
  5 bats
  12 endoplasms
  4 giant cockroaches
  8 hobgoblins
  8 jackals
  3 quokkas
  3 frilled lizards
  14 goblins
  21 kobolds
  13 rats
226 creatures vanquished.

Vanquished Creatures (collateral kills)
  A gargoyle (D:6)
  A water moccasin (D:6)
  2 gnoll boudas (D:6)
  3 gnolls
7 creatures vanquished.

Vanquished Creatures (others)
  A fungus (D:6)
  4 plants
5 creatures vanquished.

Grand Total: 238 creatures vanquished

Notes
Turn   | Place    | Note
-------+----------+-------------------------------------------
     0 | D:1      | ASSMAN the Demonspawn Cinder Acolyte began the quest for
                  | the Orb.
     0 | D:1      | Reached XP level 1. HP: 18/18 MP: 2/2
    50 | D:1      | Reached skill level 3 in Unarmed Combat
   306 | D:1      | Gained mutation: You have a pair of small horns on your
                  | head. [demonic ancestry]
   306 | D:1      | Reached XP level 2. HP: 20/24 MP: 3/3
   622 | D:1      | Reached XP level 3. HP: 19/29 MP: 4/4
   799 | D:1      | Reached skill level 4 in Unarmed Combat
  1648 | D:2      | Gained mutation: A weak demonic guardian rushes to your
                  | aid. [demonic ancestry]
  1648 | D:2      | Reached XP level 4. HP: 35/35 MP: 5/5
  2113 | D:3      | Got Deprefag's Encyclopedia of the Mesa and Attendants
  2174 | D:3      | Reached skill level 5 in Unarmed Combat
  2316 | D:3      | Identified the ring "Ceumur" {rC+ Int+3}
  3125 | D:4      | Gained mutation: You are partially covered in yellow
                  | scales. (AC +2) [demonic ancestry]
  3125 | D:4      | Reached XP level 5. HP: 31/41 MP: 6/6
  3361 | D:4      | Reached skill level 6 in Unarmed Combat
  3361 | D:4      | Gained mutation: A demonic guardian rushes to your aid.
                  | [demonic ancestry]
  3361 | D:4      | Reached XP level 6. HP: 47/47 MP: 7/7
  3627 | D:4      | Noticed Sigmund
  3640 | D:4      | Killed Sigmund
  3641 | D:4      | Reached skill level 7 in Unarmed Combat
  3642 | D:4      | Gained mutation: You have a pair of horns on your head.
                  | [demonic ancestry]
  3642 | D:4      | Reached XP level 7. HP: 45/52 MP: 8/8
  3665 | D:4      | Found Gosar's Antique Weapon Shoppe.
  3914 | D:5      | Entered Level 5 of the Dungeon
  4131 | D:5      | Reached skill level 8 in Unarmed Combat
  4415 | D:5      | Identified the +1 halberd of Riati {protect, rCorr Dex+5
                  | Stlth-}
  4477 | D:5      | Found a runed translucent gate.
  4478 | D:5      | Found a runed translucent gate.
  4479 | D:5      | Found a runed translucent gate.
  4483 | D:5      | Noticed Monkooky's ghost (weakling NaDe)
  4961 | D:5      | Found an ornate altar of the Wu Jian Council.
  5220 | D:4      | Bought a crude long sword for 187 gold pieces
  5220 | D:4      | Identified the +11 long sword of Disorder {holy, Dex+4}
                  | (You bought it in a shop on level 4 of the Dungeon)
  5397 | D:6      | Reached skill level 9 in Unarmed Combat
  5397 | D:6      | Reached XP level 8. HP: 58/58 MP: 9/9
  5699 | D:6      | Reached skill level 10 in Unarmed Combat
  5790 | D:6      | Found a runed translucent door.
  5791 | D:6      | Noticed Crazy Yiuf
  5847 | D:6      | Found a staircase to the Ecumenical Temple.
  6006 | D:6      | Noticed a komodo dragon
  6026 | D:6      | Reached skill level 11 in Unarmed Combat
  6051 | D:6      | Noticed a gargoyle
  6093 | D:6      | Killed a gargoyle
  6094 | D:6      | Gained mutation: You are partially covered in sharp spines.
                  | [demonic ancestry]
  6094 | D:6      | Reached XP level 9. HP: 23/63 MP: 10/10
  6144 | D:6      | Found a broken altar of Ashenzari.
  6521 | D:6      | Noticed a boulder beetle
  6550 | D:6      | Killed a boulder beetle
  6551 | D:6      | Reached skill level 12 in Unarmed Combat
  6591 | D:6      | Killed a komodo dragon
  6715 | D:6      | Killed Crazy Yiuf
  6770 | D:7      | Reached skill level 13 in Unarmed Combat
  7022 | D:7      | Found a sparkling altar of Nemelex Xobeh.
  7065 | D:7      | Found an iron altar of Okawaru.
  7070 | D:7      | Found a snail-covered altar of Cheibriados.
  7458 | D:7      | Gained mutation: You are mostly covered in sharp spines.
                  | [demonic ancestry]
  7458 | D:7      | Reached XP level 10. HP: 39/70 MP: 11/11
  7862 | D:8      | Reached skill level 14 in Unarmed Combat
  7864 | D:8      | Reached skill level 5 in Fighting
  8112 | D:8      | Found a staircase to the Lair.
  8570 | D:9      | Noticed a two-headed ogre
  8578 | D:9      | Slain by a two-headed ogre

Illustrated notes

Levels and vault maps discovered:
D:1:      sevenhm_arrival_forest_fort_large_4, layout_loops_ring
D:2:      layout_basic, minmay_misc_feat_x
D:3:      cheibrodos_helix_gallery, layout_basic,
          minmay_randomly_rotated_circles
D:4:      minmay_chambers_of_twos, layout_loops_ring,
          nicolae_inconvenience_store, corexii_shack, uniq_sigmund
D:5:      layout_basic, pdpol_wu_jian_five_deadly_venoms,
          serial_co_window_serial, co_window_paths_a, co_window_corner_a,
          co_window_of_opportunity_a, co_window_of_opportunity_a,
          co_window_corner_a, co_window_corner_b, co_window_cross_4,
          co_window_unsneaky_path_e, glass_columns_b, glass_columns_a,
          gammafunk_ghost_necromancy, hex_intersection
D:6:      minmay_chambers_of_sixes, layout_cave_pools,
          ashenzari_conservatory_becter, temple_green, serial_gnoll_camp,
          gnoll_camp_mini_basic, gnoll_camp_mini_loothouse, gnoll_camp_mini_hut,
          gnoll_camp_medium_02, lexackson_kobold_supper, uniq_crazy_yiuf_cottage
D:7:      layout_rooms, minmay_overflow_temple_star_quad,
          mainiacjoe_overflow_24_doors
D:8:      layout_rooms, amcnicky_altar_gilded, lair_entry_dummy,
          chequers_serial_rivers_small_b, serial_bayou_pond_c,
          kennysheep_minor_cross
D:9:      layout_cave_pools

Skill      XL: |  1  2  3  4  5  6  7  8  9 10 |
---------------+-------------------------------+-----
Unarmed Combat | 3 4 5 6 7 9 11 13 14 | 14.0
Fighting       | 6 |  6.8
Spellcasting   | |  1.0
Fire Magic     | |  2.6

Action                     |  1- 3 |  4- 6 |  7- 9 | 10-12 || total
---------------------------+-------+-------+-------+-------++-------
  Melee: Unarmed           |   157 |   145 |   304 |    91 ||   697
         Punch             |     5 |     3 |    20 |     7 ||    35
         Headbutt          |     9 |    24 |    56 |    18 ||   107
 Invoke: Fiery Armour      |       |     3 |     4 |       ||     7
  Evoke: Wand              |       |       |     2 |       ||     2
    Use: Scroll            |       |       |    12 |     1 ||    13
 Armour: Robe              |    10 |       |       |       ||    10
         Fire dragon scale |    26 |    77 |   180 |    29 ||   312
  Dodge: Dodged            |    82 |    69 |   124 |    27 ||   302

Table legend: (Time is in decaauts)
 A = Elapsed time spent in this place.
 B = Non-inter-level travel time spent in this place.
 C = Inter-level travel time spent in this place.
 D = Time resting spent in this place.
 E = Time spent auto-exploring this place.
 F = Levels seen in this place.
 G = Mean time per level.
                   A        B        C        D        E       F      G
               +--------+--------+--------+--------+--------+-----+--------+
         Total |   8472 |   7984 |    488 |   1160 |   5580 |   9 |  941.3 |
       Dungeon |   8472 |   7984 |    488 |   1160 |   5580 |   9 |  941.3 |
               +--------+--------+--------+--------+--------+-----+--------+

Top non-repeatable levels by time:
     D:6: 1388 daAuts
     D:5: 1287 daAuts
     D:1: 1210 daAuts
     D:3: 1174 daAuts
     D:4: 1091 daAuts
     D:7: 903 daAuts
     D:8: 810 daAuts
     D:2: 573 daAuts
     D:9: 32 daAuts
